 Dungeon Crawl Stone Soup version 0.20.1-1-g8b1a95d (webtiles) character file.

91560 Megalobster the Devastator (level 15, -10/68 HPs)
             Began as a Deep Elf Conjurer on July 17, 2017.
             Was a High Priest of Vehumet.
             Shot with an arrow by a deep elf knight (27 damage)
             ... on level 2 of the Elven Halls.
             The game lasted 03:05:24 (32371 turns).

Megalobster the Devastator (Deep Elf Conjurer)     Turns: 32371, Time: 03:05:27

Health: -10/68     AC: 11    Str:  3    XL:     15   Next: 55%
Magic:  27/33      EV: 21    Int: 27    God:    Vehumet [*****.]
Gold:   1691       SH:  8    Dex: 15    Spells: 5/38 levels left

rFire    . . .     SeeInvis .   p - +4 trident of Voarghouh {drain, rC+ MR+}
rCold    + . .     Gourm    .   m - +2 buckler
rNeg     . . .     Faith    .   K - +2 robe {MR+}
rPois    .         Spirit   .   e - +2 hat
rElec    .         Reflect  .   N - scarf {repulsion}
rCorr    .         Harm     +   D - +2 pair of gloves
MR       +++..                  B - +0 pair of boots
Stlth    +++++.....             d - amulet of harm
Regen    0.3/turn               F - +2 ring of evasion
MPRegen  0.3/turn               M - ring of wizardry

@: repel missiles
A: hooves 1, camouflage 1, frail 2, weak 1
a: Renounce Religion


You were on level 2 of the Elven Halls.
You worshipped Vehumet.
Vehumet was extremely pleased with you.
You were not hungry.

You visited 5 branches of the dungeon, and saw 24 of its levels.

You collected 2295 gold pieces.
You spent 604 gold pieces at shops.

Inventory:

Hand Weapons
 p - the +4 trident of Voarghouh (weapon) {drain, rC+ MR+}
   (You took it off a centaur on level 11 of the Dungeon)

   A truly terrible weapon, it drains the life of those it strikes.
   It protects you from cold.
   It affects your resistance to hostile enchantments.
Armour
 e - a +2 hat (worn)
 m - a +2 buckler (worn)
 B - a +0 pair of boots (worn)
 D - a +2 pair of gloves (worn)
 E - a scarf of resistance
 K - a +2 robe of magic resistance (worn)
 N - a scarf of repulsion (worn)
 W - the +1 leather armour of the Ego {rElec SInv}
   (You found it on level 4 of the Lair of Beasts)

   It insulates you from electricity.
   It lets you see invisible.
Magical Staves
 a - an uncursed staff of conjuration
 b - an uncursed staff of fire
 L - an uncursed staff of earth {unknown}
Jewellery
 d - an amulet of harm (around neck)
 i - an uncursed amulet of the gourmand
 F - a +2 ring of evasion (left hand)
 I - an uncursed ring of flight
 M - a ring of wizardry (right hand)
Wands
 j - a wand of iceblast (5/15)
 u - a wand of confusion (24/48)
 w - a wand of lightning (10/15)
 A - a wand of acid (7/15)
 Z - a wand of scattershot (9/9)
Scrolls
 g - 8 scrolls of teleportation
 h - 4 scrolls of identify
 n - 2 scrolls of fog
 o - 9 scrolls of remove curse
 y - 3 scrolls of fear
 J - a scroll of enchant armour
 R - 2 scrolls of recharging
 T - a scroll of amnesia
Potions
 c - 2 potions of haste
 f - 2 potions of ambrosia
 l - 10 potions of curing
 r - 2 potions of resistance
 t - 6 potions of agility
 x - a potion of berserk rage
 z - 2 potions of lignification
 O - 3 potions of flight
Miscellaneous
 C - 2 sacks of spiders
 H - a lightning rod (1/4)
 X - a lamp of fire (inert)
Comestibles
 k - 9 meat rations
 q - 4 chunks of flesh
 s - 4 royal jellies
 v - 7 fruits
 G - 7 bread rations


   Skills:
 * Level 7.3 Fighting
 - Level 6.4 Armour
 + Level 10.5 Dodging
 - Level 8.0 Stealth
 + Level 6.2 Shields
 + Level 12.4 Spellcasting
 * Level 15.2 Conjurations
 - Level 5.8 Hexes
   Level 3.6 Translocations
 * Level 11.2 Fire Magic
 + Level 8.1 Earth Magic
 - Level 7.1 Evocations


You had 5 spell levels left.
You knew the following spells:

 Your Spells              Type           Power        Failure   Level  Hunger
a - Bolt of Magma         Conj/Fire/Erth ######....   1%          5    ###....
b - Fireball              Conj/Fire      ######....   1%          5    ###....
c - Iskenderun's Mystic   Conj           #######.     1%          4    None
d - Orb of Destruction    Conj           #######...   1%          7    ######.
f - Iron Shot             Conj/Erth      ######....   1%          6    #####..
g - Throw Flame           Conj/Fire      ######       0%          2    None
h - Cause Fear            Hex            #####.....   1%          4    None


Dungeon Overview and Level Annotations

Branches:
Dungeon (13/15)            Temple (1/1) D:6            Lair (6/6) D:9
 Shoals (0/4) Lair:3       Spider (0/4) Lair:2        Slime (0/5) Lair:5
    Orc (2/2) D:10            Elf (2/3) Orc:2
 Vaults: D:13-14

Altars:
Ashenzari
Cheibriados
Dithmenos
Elyvilon
Fedhas
Gozag
Hepliaklqana
Kikubaaqudgha
Makhleb
Nemelex Xobeh
Okawaru
Qazlal
Ru
Sif Muna
Trog
Uskayaw
Vehumet
Xom
Yredelemnul
Zin
The Shining One
Beogh
Jiyva

Shops:
D:6 (   D:7 ?%(   D:9 [(%   D:11 (   Orc:2 %*[([

Annotations:
D:13 Nessos


Innate Abilities, Weirdness & Mutations

You have large cloven feet.
Your skin changes colour to match your surroundings (Stealth+).
You are very frail. (-20% HP)
You are weak. (Str -2)


Message History

You climb downwards.
You block the antimagic halberd's attack.
The deep elf mage casts a spell. x3
The antimagic halberd completely misses you.
The trident of freezing hits you from afar!
The trident of freezing freezes you.
There is a stone staircase leading up, spattered with blood here.
The deep elf mage gestures wildly while chanting.
The deep elf mage blinks!
The trident of freezing hits you from afar!
The trident of freezing freezes you.
The deep elf mage casts a spell.
The deep elf mage blinks!
The antimagic halberd hits you from afar!
* * * LOW HITPOINT WARNING * * *
You feel your power leaking away.
The deep elf knight unwields an uncursed long sword.
The deep elf knight wields a shortbow.
The deep elf knight shoots an arrow.
The arrow hits you!!
You die...

....e....+...#
#............#
.......eee.e...#
...e[..83......#
#...8.....8....#
....e..<.......#
........Ee.E...#
#..8.>.8.@ยง8e..#
...e.e.EE......#
.......((E.ee..#
....8..e..8....#
.....ee8ee....##
....4........##
#...........##
##...########
####


You could see a sun demon, 5 deep elf archers, 5 deep elf knights, 2 earth
elementals, a rust devil, 2 water elementals, 8 deep elf magi, an air elemental
and 2 dancing weapons.

Vanquished Creatures
  Saint Roka (Orc:2)
  Rupert (Lair:4)
  A deep elf elementalist (Elf:1)
  A deep elf demonologist (Elf:1)
  A stone giant (Orc:1)
  The ghost of Inarius the Dealer of Despair, a journeyman DsNe of Kikubaaqudgha (Orc:1)
  Snorg (D:11)
  A deep elf death mage (Elf:1)
  A fire dragon (Lair:6)
  Harold (D:11)
  6 hydras
  A centaur warrior (D:13)
  3 death yaks (Lair:5)
  6 dancing weapons (Elf:1)
  4 two-headed ogres
  2 orc high priests (Orc:2)
  7 deep elf knights
  Nergalle (Lair:3)
  5 lindwurms
  Pikel (D:8)
  A deep elf archer (Elf:1)
  2 orc knights (Orc:2)
  26 deep elf magi
  5 orc sorcerers
  3 ugly things
  5 black mambas (Lair:6)
  5 elephants (Lair:6)
  14 spiny frogs
  A gargoyle (D:12)
  3 molten gargoyles (Lair:6)
  A centaur skeleton (D:11)
  4 rime drakes
  A demonic crawler (Lair:2)
  6 komodo dragons
  6 trolls
  A polar bear (Lair:5)
  A hornet (D:10)
  11 blink frogs
  14 hippogriffs
  A vampire (D:11)
  2 air elementals (Elf:1)
  A shadow (D:10)
  10 wyverns
  A water elemental (Elf:1)
  A tarantella (shapeshifter) (Elf:1)
  A fire elemental (Elf:1)
  4 hogs (D:9)
  21 yaks
  A human (D:9)
  7 basilisks
  3 hungry ghosts
  A steam dragon (Lair:6)
  4 vampire mosquitoes (Lair:1)
  4 wargs (Orc:2)
  3 hell hounds (Lair:6)
  3 insubstantial wisps (Lair:1)
  A soldier ant (D:12)
  An acid dragon (D:11)
  10 water moccasins
  3 porcupines (Lair:4)
  40 orc warriors
  A slave (D:8)
  2 eyes of draining (D:11)
  4 ice beasts
  7 sky beasts
  2 black bears
  2 phantoms
  12 ogres
  A necrophage (D:5)
  12 centaurs
  9 wolves
  9 crocodiles
  A big kobold (D:11)
  18 bullfrogs
  An earth elemental (Elf:1)
  6 scorpions
  17 killer bees
  5 wights (D:12)
  7 howler monkeys
  An electric eel (Lair:4)
  5 lava snakes (Lair:6)
  3 crimson imps
  A bullfrog zombie (D:5)
  A centaur zombie (D:10)
  3 hounds
  A quasit (D:10)
  A bullfrog skeleton (D:7)
  5 jellies
  19 orc priests
  25 orc wizards
  3 iguanas
  11 worker ants
  A killer bee zombie (D:10)
  A hound zombie (D:6)
  A hound skeleton (D:5)
  2 worker ant zombies
  A howler monkey skeleton (D:4)
  13 gnolls
  10 adders
  2 shadow imps (D:6)
  An ooze (D:7)
  2 adder skeletons
  3 worms
  3 dart slugs
  6 leopard geckos
  80 orcs
  6 giant cockroaches
  7 hobgoblins
  11 jackals
  11 kobolds
  9 quokkas
  4 bats
  A frilled lizard (D:1)
  8 goblins
  3 goblin skeletons (D:6)
  2 hobgoblin zombies (D:6)
  2 kobold skeletons (D:6)
  2 kobold zombies (D:6)
  A leopard gecko skeleton (D:6)
  An orc skeleton (D:6)
  3 orc zombies (D:6)
  2 quokka zombies
  7 rats
  7 fungi
  2 plants
689 creatures vanquished.

Vanquished Creatures (collateral kills)
  A jackal (D:9)
1 creature vanquished.

Vanquished Creatures (others)
  95 fulminant prisms
  A fungus (Lair:4)
  3 plants
99 creatures vanquished.

Grand Total: 789 creatures vanquished

Notes
Turn   | Place    | Note
-------+----------+-------------------------------------------
     0 | D:1      | Megalobster the Deep Elf Conjurer began the quest for the Orb.
     0 | D:1      | Reached XP level 1. HP: 10/10 MP: 6/6
   137 | D:1      | Reached XP level 2. HP: 15/15 MP: 0/8
   248 | D:1      | Learned a level 2 spell: Searing Ray
   471 | D:1      | Reached skill level 5 in Conjurations
   712 | D:2      | Reached XP level 3. HP: 19/19 MP: 8/10
  1030 | D:2      | Found an ancient bone altar of Kikubaaqudgha.
  1030 | D:2      | Found a blossoming altar of Fedhas.
  1269 | D:2      | Found a sacrificial altar of Ru.
  1441 | D:3      | Noticed a hand axe
  1458 | D:3      | Found a hide-covered altar of Uskayaw.
  1465 | D:3      | Noticed a dagger
  1568 | D:3      | Reached XP level 4. HP: 24/24 MP: 9/12
  1577 | D:3      | Learned a level 4 spell: Iskenderun's Mystic Blast
  1582 | D:3      | Learned a level 4 spell: Fulminant Prism
  1941 | D:4      | Found a sparkling altar of Nemelex Xobeh.
  2006 | D:4      | Reached skill level 1 in Hexes
  2102 | D:4      | Reached skill level 6 in Conjurations
  2333 | D:4      | Noticed a sky beast
  2340 | D:4      | Killed a sky beast
  2340 | D:4      | Reached XP level 5. HP: 28/28 MP: 5/14
  2591 | D:4      | Reached skill level 5 in Spellcasting
  2778 | D:3      | Found a blossoming altar of Fedhas.
  3274 | D:5      | Entered Level 5 of the Dungeon
  3312 | D:5      | Reached XP level 6. HP: 32/32 MP: 9/15
  3315 | D:5      | Noticed an ice beast
  3427 | D:5      | Reached skill level 7 in Conjurations
  3700 | D:5      | Killed an ice beast
  3700 | D:5      | Reached XP level 7. HP: 23/36 MP: 10/17
  3706 | D:5      | Learned a level 4 spell: Force Lance
  4181 | D:5      | Reached skill level 1 in Translocations
  4271 | D:6      | Found a shattered altar of Ashenzari.
  4349 | D:6      | Reached skill level 8 in Conjurations
  4423 | D:6      | Reached skill level 1 in Fighting
  4593 | D:6      | Found a staircase to the Ecumenical Temple.
  4597 | Temple   | Entered the Ecumenical Temple
  4841 | D:6      | Reached XP level 8. HP: 43/43 MP: 0/19
  5278 | D:6      | Found a glowing golden altar of the Shining One.
  5622 | D:6      | Found Syuph's Antique Weapon Shop.
  6066 | D:6      | Found a bloodstained altar of Trog.
  6402 | D:7      | Found a hazy altar of Hepliaklqana.
  6417 | D:7      | Got a shimmering mace
  6418 | D:7      | Identified the +3 mace "Dacuegg" {freeze, rElec Str+7 Dex-5} (You found it on level 7 of the Dungeon)
  6478 | D:7      | Found Ithixak's Food Shoppe.
  6549 | D:7      | Reached skill level 5 in Hexes
  6551 | D:7      | Reached skill level 9 in Conjurations
  6803 | D:7      | Found Fidinof's Magic Scroll Shop.
  6811 | D:7      | Bought 3 scrolls of identify for 66 gold pieces
  6811 | D:7      | Bought a scroll of amnesia for 38 gold pieces
  6811 | D:7      | Bought a scroll of identify for 22 gold pieces
  6811 | D:7      | Bought a scroll of teleportation for 33 gold pieces
  6811 | D:7      | Bought a scroll of remove curse for 33 gold pieces
  6864 | D:7      | Bought a scroll of teleportation for 33 gold pieces
  7042 | D:7      | Reached XP level 9. HP: 49/49 MP: 16/21
  7366 | D:7      | Found Quton's Antique Weapon Shop.
  7508 | D:7      | Reached skill level 5 in Dodging
  8009 | D:8      | Reached skill level 10 in Conjurations
  8553 | D:8      | Noticed Pikel
  8556 | D:8      | Killed Pikel
  8673 | D:8      | Learned a level 3 spell: Inner Flame
  8747 | D:9      | Found Ible Wil's Armour Shoppe.
  8752 | D:9      | Reached XP level 10. HP: 56/56 MP: 9/24
  8754 | D:9      | Reached skill level 5 in Stealth
  8754 | D:9      | Reached skill level 1 in Fire Magic
  8893 | D:9      | Found Ufus's Weapon Shop.
  8945 | D:9      | Found a staircase to the Lair.
  9010 | D:9      | Found a radiant altar of Vehumet.
  9014 | D:9      | Became a worshipper of Vehumet
  9384 | D:9      | Found Vuanun's Food Shoppe.
  9480 | D:9      | Reached skill level 11 in Conjurations
  9641 | D:10     | Entered Level 10 of the Dungeon
  9740 | D:10     | Noticed a two-headed ogre
  9747 | D:10     | Killed a two-headed ogre
 10040 | D:9      | Learned a level 3 spell: Dazzling Spray
 10045 | D:9      | Learned a level 4 spell: Cause Fear
 10047 | Lair:1   | Entered Level 1 of the Lair of Beasts
 10418 | Lair:1   | Noticed a spiny frog
 10424 | Lair:1   | Killed a spiny frog
 10662 | Lair:1   | Reached XP level 11. HP: 60/62 MP: 15/26
 10969 | Lair:1   | Reached * piety under Vehumet
 10969 | Lair:1   | Offered knowledge of Sting by Vehumet.
 11134 | Lair:2   | Reached skill level 1 in Shields
 11138 | Lair:2   | Reached skill level 5 in Fire Magic
 11803 | Lair:2   | Found a hole to the Spider Nest.
 12114 | Lair:2   | Reached skill level 12 in Conjurations
 12673 | Lair:3   | Reached skill level 1 in Evocations
 12838 | Lair:3   | Reached skill level 5 in Fighting
 12916 | Lair:3   | Reached skill level 10 in Spellcasting
 12952 | Lair:3   | Found a staircase to the Shoals.
 12955 | Lair:3   | Noticed Nergalle
 12962 | Lair:3   | Killed Nergalle
 13429 | Lair:4   | Reached ** piety under Vehumet
 13429 | Lair:4   | Offered knowledge of Throw Flame by Vehumet.
 13433 | Lair:4   | Learned a level 2 spell: Throw Flame
 13809 | Lair:4   | Got an iridescent glaive
 13818 | Lair:4   | Identified the +1 glaive of Baef {speed, rC+} (You found it on level 4 of the Lair of Beasts)
 13840 | Lair:4   | Noticed a lindwurm
 13895 | Lair:4   | Noticed Rupert
 13903 | Lair:4   | Paralysed by Rupert for 5 turns
 13909 | Lair:4   | Paralysed by Rupert for 5 turns
 13922 | Lair:4   | Killed Rupert
 13922 | Lair:4   | Reached XP level 12. HP: 20/68 MP: 2/28
 14970 | Lair:4   | Gained mutation: Your magical capacity is low. (-10% MP) [potion of mutation]
 14970 | Lair:4   | Gained mutation: You can translocate small distances at will. [potion of mutation]
 14971 | Lair:4   | Lost mutation: Your magical capacity is low. (-10% MP) [potion of mutation]
 14971 | Lair:4   | Lost mutation: You can translocate small distances at will. [potion of mutation]
 14971 | Lair:4   | Gained mutation: Your muscles are strong. (Str +2) [potion of mutation]
 14971 | Lair:4   | Gained mutation: Your skin changes colour to match your surroundings (Stealth+). [potion of mutation]
 14971 | Lair:4   | Gained mutation: You do not regenerate when monsters are visible. [potion of mutation]
 14971 | Lair:4   | Gained mutation: You have a pair of small horns on your head. [potion of mutation]
 14972 | Lair:4   | Lost mutation: Your muscles are strong. (Str +2) [potion of mutation]
 14972 | Lair:4   | Lost mutation: You have a pair of small horns on your head. [potion of mutation]
 14972 | Lair:4   | Lost mutation: You do not regenerate when monsters are visible. [potion of mutation]
 14972 | Lair:4   | Gained mutation: You are agile. (Dex +2) [potion of mutation]
 14972 | Lair:4   | Gained mutation: You have very sharp teeth. [potion of mutation]
 14993 | Lair:4   | Got a steaming scale mail
 15001 | Lair:4   | Got a polished leather armour
 15359 | D:9      | Identified the cursed +1 scale mail of the Kangaroo {-Tele rF+ Dex+3} (You found it on level 4 of the Lair of Beasts)
 15383 | D:9      | Identified the cursed +1 leather armour of the Ego {rElec SInv} (You found it on level 4 of the Lair of Beasts)
 15433 | D:9      | Learned a level 6 spell: Iron Shot
 15450 | D:9      | Learned a level 5 spell: Bolt of Magma
 15574 | Lair:5   | Reached skill level 1 in Armour
 15724 | Lair:5   | Reached skill level 1 in Earth Magic
 15777 | Lair:5   | Noticed a death yak
 15777 | Lair:5   | Noticed a death yak
 15782 | Lair:5   | Killed a death yak
 15782 | Lair:5   | Killed a death yak
 15784 | Lair:5   | Noticed a death yak
 16087 | Lair:5   | Killed a death yak
 16260 | Lair:5   | Noticed a five-headed hydra
 16264 | Lair:5   | Killed a five-headed hydra
 16264 | Lair:5   | Reached skill level 5 in Armour
 16566 | Lair:5   | Found a viscous altar of Jiyva.
 16567 | Lair:5   | Found a staircase to the Slime Pits.
 16787 | Lair:6   | Entered Level 6 of the Lair of Beasts
 16849 | Lair:6   | Offered knowledge of Conjure Flame by Vehumet.
 16866 | Lair:6   | Noticed a four-headed hydra
 16871 | Lair:6   | Killed a four-headed hydra
 16977 | Lair:6   | Noticed a six-headed hydra
 16984 | Lair:6   | Killed a six-headed hydra
 16984 | Lair:6   | Reached skill level 5 in Earth Magic
 16984 | Lair:6   | Reached XP level 13. HP: 52/73 MP: 22/29
 17329 | Lair:3   | You fall through a shaft!
 17416 | D:9      | Learned a level 3 spell: Conjure Flame
 17849 | Lair:6   | Reached *** piety under Vehumet
 17879 | Lair:6   | Reached skill level 13 in Conjurations
 18718 | Lair:6   | Got an ancient dagger
 19132 | Lair:6   | Offered knowledge of Throw Icicle by Vehumet.
 19424 | Lair:6   | Found a large runed door.
 19505 | Lair:6   | Noticed a fire dragon
 19752 | Lair:6   | Found a large runed door.
 19789 | Lair:6   | Killed a fire dragon
 19789 | Lair:6   | Reached skill level 5 in Evocations
 20403 | D:9      | Identified the +5 dagger of Tampipas {drain, Fragile rElec Str+4 Int+6} (You found it on level 6 of the Lair of Beasts)
 20650 | D:10     | Reached **** piety under Vehumet
 20878 | D:10     | Offered knowledge of Fireball by Vehumet.
 20961 | D:7      | Bought 3 scrolls of amnesia for 115 gold pieces
 20969 | D:7      | Learned a level 5 spell: Fireball
 21327 | D:10     | Found a burning altar of Makhleb.
 21515 | D:10     | Found a staircase to the Orcish Mines.
 22299 | D:11     | Found Bupp's Antique Weapon Shoppe.
 22409 | D:11     | Got a brightly glowing trident {drain}
 22770 | D:11     | Found a shimmering altar of Xom.
 22976 | D:11     | Reached XP level 14. HP: 80/80 MP: 27/31
 23071 | D:11     | Reached ***** piety under Vehumet
 23078 | D:11     | Offered knowledge of Olgreb's Toxic Radiance by Vehumet.
 23153 | D:11     | Noticed Harold
 23153 | D:11     | Noticed Snorg
 23164 | D:11     | Killed Snorg
 23359 | D:11     | Killed Harold
 24923 | D:13     | Reached skill level 5 in Shields
 24931 | D:13     | Noticed Nessos
 25353 | D:12     | Gained mutation: You are frail. (-10% HP) [mutagenic meat]
 25354 | D:12     | Gained mutation: You are very frail. (-20% HP) [mutagenic meat]
 25356 | D:12     | Lost mutation: You have very sharp teeth. [potion of mutation]
 25356 | D:12     | Lost mutation: You are agile. (Dex +2) [potion of mutation]
 25356 | D:12     | Gained mutation: You are weak. (Str -2) [potion of mutation]
 25356 | D:12     | Gained mutation: You have large cloven feet. [potion of mutation]
 25434 | Orc:1    | Entered Level 1 of the Orcish Mines
 25522 | Orc:1    | Reached skill level 14 in Conjurations
 25531 | Orc:1    | Noticed a stone giant
 25532 | Orc:1    | Killed a stone giant
 25691 | Orc:1    | Noticed Inarius's ghost (journeyman DsNe)
 25756 | Orc:1    | Killed Inarius's ghost
 26377 | Orc:2    | Entered Level 2 of the Orcish Mines
 26627 | Orc:2    | Found a roughly hewn altar of Beogh.
 26813 | Orc:2    | Found a roughly hewn altar of Beogh.
 26866 | Orc:2    | Found a roughly hewn altar of Beogh.
 26919 | Orc:2    | Found Pumeagao's Antique Armour Boutique.
 27469 | Orc:2    | Offered knowledge of Orb of Destruction by Vehumet.
 28137 | Orc:2    | Found a staircase to the Elven Halls.
 28321 | Orc:2    | Found a roughly hewn altar of Beogh.
 28323 | Orc:2    | Found a roughly hewn altar of Beogh.
 28338 | Orc:2    | Found Apnan's Food Shoppe.
 28493 | Orc:2    | Found a roughly hewn altar of Beogh.
 28547 | Orc:2    | Found Plog's Assorted Antiques.
 28564 | Orc:2    | Bought 2 scrolls of identify for 92 gold pieces
 28564 | Orc:2    | Bought a scroll of blinking for 172 gold pieces
 28646 | Orc:2    | Noticed Saint Roka
 28654 | Orc:2    | Killed Saint Roka
 28654 | Orc:2    | Reached skill level 10 in Dodging
 28654 | Orc:2    | Reached skill level 10 in Fire Magic
 28971 | Orc:2    | Found Buz Cou's Antique Armour Emporium.
 28972 | Orc:2    | Found a roughly hewn altar of Beogh.
 28975 | Orc:2    | Found Ciogg's Antique Weapon Shoppe.
 29100 | Orc:2    | Identified the +4 trident of Voarghouh {drain, rC+ MR+} (You took it off a centaur on level 11 of the Dungeon)
 29453 | D:9      | Learned a level 7 spell: Orb of Destruction
 29674 | Elf:1    | Entered Level 1 of the Elven Halls
 29959 | Elf:1    | Offered knowledge of Lee's Rapid Deconstruction by Vehumet.
 29997 | Elf:1    | Reached XP level 15. HP: 68/68 MP: 28/33
 30549 | Elf:1    | Gained mutation: Your spells are a little easier to cast, but a little less powerful. [mutagenic meat]
 30550 | Elf:1    | Lost mutation: Your spells are a little easier to cast, but a little less powerful. [mutagenic meat]
 31279 | Elf:1    | Reached skill level 15 in Conjurations
 32371 | Elf:2    | Shot with an arrow by a deep elf knight

Skill      XL: |  1  2  3  4  5  6  7  8  9 10 11 12 13 14 15 |
---------------+----------------------------------------------+-----
Conjurations   | 5 6 7 8 9 10 11 12 13 14 15 | 15.2
Spellcasting   | 4 5 6 7 8 9 10 11 12 | 12.4
Hexes          | 2 3 4 5 |  5.8
Translocations | 2 3 |  3.6
Fighting       | 1 2 3 4 5 6 7 |  7.3
Dodging        | 3 4 6 7 8 9 10 | 10.5
Stealth        | 4 6 7 8 |  8.0
Fire Magic     | 4 6 7 8 10 11 | 11.2
Shields        | 3 4 5 6 |  6.2
Evocations     | 2 3 5 7 |  7.1
Armour         | 6 |  6.4
Earth Magic    | 5 6 7 8 |  8.1

Action                   |  1- 3 |  4- 6 |  7- 9 | 10-12 | 13-15 || total
-------------------------+-------+-------+-------+-------+-------++-------
Melee: Short sword       |     5 |     1 |     1 |       |       ||     7
       Staff             |       |       |       |     1 |     2 ||     3
       Bite              |       |       |       |       |     1 ||     1
       Trident           |       |       |       |       |     1 ||     1
 Cast: Magic Dart        |    74 |    46 |    93 |    55 |       ||   268
       Searing Ray       |     1 |     9 |    30 |    40 |       ||    80
       Fulminant Prism   |       |     1 |    18 |    38 |    38 ||    95
       Iskenderun's Myst |       |       |    11 |    34 |   165 ||   210
       Force Lance       |       |       |       |    27 |    48 ||    75
       Throw Flame       |       |       |       |    82 |   221 ||   303
       Bolt of Magma     |       |       |       |    10 |   107 ||   117
       Iron Shot         |       |       |       |     1 |     9 ||    10
       Fireball          |       |       |       |       |    47 ||    47
       Cause Fear        |       |       |       |       |     3 ||     3
       Orb of Destructio |       |       |       |       |    26 ||    26
Evoke: Lamp of fire      |       |       |       |     1 |     1 ||     2
       Wand              |       |       |       |     1 |       ||     1
       Lightning rod     |       |       |       |       |     3 ||     3
  Use: Scroll            |       |       |    14 |     7 |    18 ||    39
       Potion            |       |       |       |     5 |     4 ||     9
 Stab: Distracted        |       |     1 |       |       |     1 ||     2
  Eat: Chunk             |     2 |     2 |    10 |    17 |    48 ||    79
       Meat ration       |       |     1 |     1 |       |     1 ||     3
       Royal jelly       |       |       |     1 |     2 |     7 ||    10
       Fruit             |       |       |       |     3 |     9 ||    12
       Bread ration      |       |       |       |     1 |     1 ||     2
Armor: Robe              |     4 |     2 |     4 |     5 |     2 ||    17
       Leather armour    |       |       |       |     2 |     9 ||    11
Dodge: Dodged            |     9 |     9 |    19 |    43 |    73 ||   153
       Deflected         |       |       |       |       |    12 ||    12
Block: Buckler           |       |       |       |     6 |    26 ||    32
